 Dungeon Crawl Stone Soup version 0.29-a0-362-g5854e031c7 (webtiles) character file.

Game seed: 595325898131423925

22 YayAnonymity the Poker (level 2, 0/22 HPs)
             Began as a Demonspawn Gladiator on Apr 30, 2022.
             Killed from afar by Natasha (8 damage)
             ... with a magic dart
             ... on level 2 of the Dungeon.
             The game lasted 00:01:09 (656 turns).

YayAnonymity the Poker (Demonspawn Gladiator)        Turns: 656, Time: 00:01:10

Health: 0/22       AC:  3    Str: 14    XL:     2   Next: 68%
Magic:  2/2        EV: 12    Int:  9    God:
Gold:   43         SH:  0    Dex: 14    Spells: 1/1 levels left

rFire   . . .      SeeInvis .   a - +0 trident
rCold   . . .      Faith    .   (no shield)
rNeg    . . .      Spirit   .   b - +0 leather armour
rPois   .          Reflect  .   (helmet restricted)
rElec   .          Harm     .   (no cloak)
rCorr   .          Rampage  .   (no gloves)
Will    .....                   (no boots)
Stlth   +.........              (no amulet)
HPRegen 0.07/turn               (no ring)
MPRegen 0.08/turn               (no ring)

@: no status effects
A: antennae 1
a: no special abilities


You were on level 2 of the Dungeon.
You visited 1 branch of the dungeon, and saw 2 of its levels.

You collected 43 gold pieces.

Inventory:

Hand Weapons
 a - a +0 trident (weapon)
Missiles
 d - 3 throwing nets (quivered)
 e - a javelin
 g - 3 poisoned darts
Armour
 b - a +0 leather armour (worn)
 c - a +0 helmet
Scrolls
 i - a scroll of silence {unknown}
Potions
 f - a potion of curing
 h - a potion of might {unknown}


   Skills:
 - Level 2.0 Fighting
 + Level 3.6 Polearms
 - Level 1.7 Throwing
 - Level 2.6 Dodging


You had one spell level left.
You didn't know any spells.
Your spell library contained the following spells:

 Spells                   Type           Power      Damage    Failure   Level
 Magic Dart               Conj           0%         1d3       45%         1


Dungeon Overview and Level Annotations

Branches:
Dungeon (2/15)

Altars:

Shops:
D:2 ?

Annotations:
D:2 Natasha


Innate Abilities, Weirdness & Mutations

You have a pair of small antennae on your head.


Message History

The worm is moderately wounded.
The kobold misses you. The worm closely misses you.
You hit the worm.
The worm is moderately wounded.
The kobold barely misses you. The worm bites you but does no damage.
You puncture the worm!
The worm is severely wounded.
The kobold hits you but does no damage. The kobold closely misses you.
You hit the worm.
You kill the worm!
The kobold hits you with a +0 club.
You hit the kobold.
You kill the kobold!
No target in view!
There is an entrance to Kunalot's Magic Scroll Boutique here.
Things that are here:
a +0 club; a kobold corpse You can access your shopping list by pressing '$'.
Natasha, Servant of Life and Death comes into view.
Found a mace.
Natasha hisses angrily.
Found a stone staircase leading up.
Natasha stares at you and mumbles some strange words.
The magic dart hits you.
You see here 15 gold pieces.
An adder comes into view.
The adder hisses angrily.
Natasha stares at you and mumbles some strange words.
The magic dart hits you!
You are too injured to fight recklessly!
You are too injured to fight recklessly!
You are too injured to fight recklessly!
You are too injured to fight recklessly!
Reach: a) +0 trident
Press: ? - help, Dir - move target, f - Natasha
Aim: Natasha (about 49% to evade your +0 trident)
You reach to attack!
You barely miss Natasha. Natasha casts a spell at you. The magic dart hits you!
You die...

+. ##.#. .#.#.#
#+########## .#.#.###
#..........#
.#.....#####..........#
.+..................).#
##.#...#.#.#..........#
##.##....#.#..$.@h....+
......####.##.........#
...##.####.##.....S..<#
#..........##.........#
#.......#####.........#
#.>####.# ###+#+###...
#### .# ### .# .


You could see Natasha and an adder.

Vanquished Creatures
  2 worms (D:2)
  2 endoplasms
  A giant cockroach (D:2)
  4 hobgoblins (D:1)
  2 bats
  2 kobolds
  3 rats
16 creatures vanquished.

Notes
Turn   | Place    | Note
-------+----------+-------------------------------------------
     0 | D:1      | YayAnonymity the Demonspawn Gladiator began the quest for
                  | the Orb.
     0 | D:1      | Reached XP level 1. HP: 16/16 MP: 1/1
   173 | D:1      | Reached skill level 3 in Polearms
   289 | D:1      | Found a faded altar of an unknown god.
   299 | D:1      | Gained mutation: You have a pair of small antennae on your
                  | head. [demonic ancestry]
   299 | D:1      | Reached XP level 2. HP: 22/22 MP: 2/2
   304 | D:1      | Got Plato's Disquisition on Battle Magic
   341 | D:1      | You fall into a shaft and drop 1 floor!
   622 | D:2      | Found Kunalot's Magic Scroll Boutique.
   652 | D:2      | Noticed Natasha
   656 | D:2      | Killed from afar by Natasha

Illustrated notes

Levels and vault maps discovered:
D:1:      minmay_arrival_four_houses, layout_loops_cross,
          shapermc_ecumenical_altar_rom_forum, serial_bayou_pond_d,
          minmay_domino_4
D:2:      layout_basic, serial_shops, nicolae_square_shop,
          nicolae_lakefront_shop, nicolae_shop_statue_plus, wad_orctagon,
          uniq_natasha, uniq_jessica

Skill      XL: |  1 |
---------------+----+-----
Polearms       | 3 |  3.6
Fighting       | |  2.0
Throwing       | |  1.7
Dodging        | |  2.6

Action                   || total
-------------------------++-------
Melee: Trident           ||    53
       Punch             ||     1
  Use: Scroll            ||     1
 Stab: Sleeping          ||     1
Armor: Leather armour    ||    11
Dodge: Dodged            ||    20

Table legend: (Time is in decaauts)
 A = Elapsed time spent in this place.
 B = Non-inter-level travel time spent in this place.
 C = Inter-level travel time spent in this place.
 D = Time resting spent in this place.
 E = Time spent auto-exploring this place.
 F = Levels seen in this place.
 G = Mean time per level.
                   A        B        C        D        E       F      G
               +--------+--------+--------+--------+--------+-----+--------+
         Total |    663 |    663 |      0 |      0 |    499 |   2 |  331.5 |
       Dungeon |    663 |    663 |      0 |      0 |    499 |   2 |  331.5 |
               +--------+--------+--------+--------+--------+-----+--------+

Top non-repeatable levels by time:
     D:1: 346 daAuts
     D:2: 317 daAuts
